 Dungeon Crawl Stone Soup version 0.13.0-6-g40e4d2d (webtiles) character file.

375 Piginabag the Ruffian (level 6, -1/51 HPs)
             Began as a Ghoul Monk on Oct 15, 2013.
             Slain by an ogre
             ... wielding a cursed -2,-3 giant spiked club
              (6 damage)
             ... on Level 4 of the Dungeon.
             The game lasted 00:18:50 (2924 turns).

Piginabag the Ruffian (Ghoul Monk)                  Turns: 2924, Time: 00:18:51

HP  -1/51        AC 10     Str 16      XL: 6   Next:  7%
MP   4/4         EV 10     Int  5      God:
Gold 136         SH  0     Dex 12      Spells:  0 memorised,  5 levels left

Res.Fire  : . . .   See Invis. : .   k - +3,+2 elf long sword
Res.Cold  : + . .   Warding    : .   e - +2 ring mail
Life Prot.: + + +   Conserve   : .   (no shield)
Res.Poison: +       Res.Corr.  : .   (no helmet)
Res.Elec. : .       Clarity    : .   (no cloak)
Sust.Abil.: . .     Spirit.Shd : .   (no gloves)
Res.Mut.  : .       Stasis     : .   c - +2 pair of elf boots
Res.Rott. : +       Flight     : .   (no amulet)
Saprovore : + + +                    (no ring)
                                     (no ring)

@: rotting, slightly resistant to hostile enchantments, fairly stealthy
A: rotting body, claws 1, carnivore 3, cold resistance 1, life protection 3,
poison resistance, saprovore 3, slow healing 1, torment resistance, unbreathing
a: no special abilities


You were on level 4 of the Dungeon.
You were not hungry.

You visited 1 branch of the dungeon, and saw 4 of its levels.

You collected 136 gold pieces.

Inventory:

Hand weapons
 h - a +0,+0 elven spear (quivered)
 k - a +3,+2 elven long sword (weapon)
 r - a +3,+2 quarterstaff of chaos
 t - a +1,+0 hammer of draining
 u - a +1,+0 hammer of protection
 v - a +2,+0 hammer of holy wrath
 x - a cursed -3,-3 spear
Armour
 c - a +2 pair of elven boots (worn)
 e - a +2 ring mail (worn)
 m - a +1 robe
 s - a +0 cloak
Magical devices
 b - a wand of flame (6) {unknown}
 q - a wand of confusion (7)
 y - a wand of paralysis (19) {unknown}
 z - a wand of cold (7) {unknown}
Comestibles
 a - a meat ration
 A - a chunk of adder flesh
Scrolls
 l - a scroll of magic mapping {unknown}
 n - 3 scrolls of teleportation
 w - a scroll of fear {unknown}
 B - a scroll of enchant armour
 E - 2 scrolls of remove curse
Jewellery
 d - an uncursed ring of regeneration {unknown}
 f - a cursed -3 ring of intelligence {unknown}
Potions
 g - a potion of might {unknown}
 i - a potion of magic {unknown}
 j - a potion of restore abilities {unknown}
 p - a potion of paralysis {unknown}
 D - a potion of degeneration {unknown}
Books
 o - a book of Fire

   Spells                             Type                      Level
   Fire Brand                         Charms/Fire                  2
   Ignite Poison                      Fire/Transmutation           5
   Fireball                           Conjuration/Fire             5
   Bolt of Fire                       Conjuration/Fire             6
   Delayed Fireball                   Conjuration/Fire             7
   Ring of Flames                     Charms/Fire                  7


   Skills:
 + Level 4.0 Fighting
 + Level 0.3 Polearms
 + Level 2.4 Armour
 + Level 4.0 Dodging
 + Level 2.4 Stealth
 + Level 5.3 Unarmed Combat


You had 5 spell levels left.
You didn't know any spells.

Dungeon Overview and Level Annotations

Branches:
Dungeon (4/27)             Temple (0/1) D:4

Altars:


Innate Abilities, Weirdness & Mutations

Your body is rotting away.
You have sharp fingernails.
You are carnivorous and can eat meat at any time.
Your flesh is cold resistant.
You are immune to negative energy.
Your system is resistant to poisons.
You thrive on rotten meat.
You heal slowly.
You are immune to unholy pain and torment.
You can survive without breathing.


Message History

You slash the ogre!
The ogre is moderately wounded.
The ogre barely misses you.
You hit the ogre.
The ogre is heavily wounded.
The ogre barely misses you.
You hit the ogre.
The ogre is heavily wounded.
The ogre hits you with a giant spiked club!
You hit the ogre but do no damage.
The ogre is heavily wounded.
The ogre closely misses you.
You hit the ogre.
The ogre is severely wounded.
The ogre hits you with a giant spiked club!
* * * LOW HITPOINT WARNING * * *
You slash the ogre!
The ogre is almost dead.
The ogre hits you with a giant spiked club.
You die...

#..##...# #..# #..# #.
#..##...# #..# ..# #.
#..##...# #..# #.
#..##...# #..# #.
#..##...# #..# .
#..##...# #..#
#..##...# #..######.
#.......######O........
#.............@........
#######################


You could see an ogre.

Vanquished Creatures
  Crazy Yiuf (D:2)
  An orc priest (D:3)
  A scorpion (D:4)
  Jessica (D:2)
  6 adders
  A giant mite (D:1)
  A giant gecko (D:3)
  An ooze (D:3)
  9 orcs
  2 ball pythons
  9 bats
  4 giant cockroaches
  6 goblins
  6 hobgoblins
  5 jackals (D:2)
  6 kobolds
  3 giant newts (D:3)
  A gnoll skeleton (D:3)
  A quokka (D:2)
  5 rats
70 creatures vanquished.

Notes
Turn   | Place    | Note
--------------------------------------------------------------
     0 | D:1      | Piginabag, the Ghoul Monk, began the quest for the Orb.
     0 | D:1      | Reached XP level 1. HP: 17/17 MP: 0/0
   102 | D:1      | Reached XP level 2. HP: 16/24 MP: 1/1
   669 | D:1      | Reached XP level 3. HP: 30/30 MP: 2/2
  1079 | D:2      | Reached skill level 1 in Armour
  1097 | D:2      | Noticed Jessica
  1103 | D:2      | Killed Jessica
  1103 | D:2      | Reached XP level 4. HP: 30/37 MP: 2/2
  1227 | D:2      | Noticed Crazy Yiuf
  1241 | D:2      | Killed Crazy Yiuf
  1941 | D:3      | Reached XP level 5. HP: 25/41 MP: 3/3
  2134 | D:3      | Reached skill level 5 in Unarmed Combat
  2811 | D:4      | Found a staircase to the Ecumenical Temple.
  2837 | D:4      | Reached XP level 6. HP: 37/51 MP: 4/4
  2913 | D:4      | Noticed an ogre
  2924 | D:4      | Slain by an ogre

Action                   |  1- 3 |  4- 6 || total
-------------------------+-------+-------++-------
Melee: Unarmed           |    82 |    88 ||   170
       Spear             |    50 |       ||    50
       Long sword        |       |    62 ||    62
  Use: Scroll            |     3 |     5 ||     8
 Stab: Sleeping          |     1 |       ||     1
